 Dungeon Crawl Stone Soup version 0.26-a0-812-g31a745ddcd (webtiles) character file.

Game seed: 13186286385847352784

23100 Borgoz the Fighter (level 13, -2/122 HPs)
             Began as a Ghoul Monk on Dec 6, 2020.
             Was the Champion of Okawaru.
             Slain by a seven-headed hydra (3 damage)
             ... on level 12 of the Dungeon.
             The game lasted 00:25:02 (14069 turns).

Borgoz the Fighter (Ghoul Monk)                    Turns: 14069, Time: 00:25:02

Health: -2/122     AC: 19    Str: 16    XL:     13   Next: 4%
Magic:  0/14       EV: 21    Int: 11    God:    Okawaru [******]
Gold:   1006       SH:  0    Dex: 15    Spells: 10/12 levels left

rFire    . . .     SeeInvis +     - Unarmed
rCold    + . .     Faith    .   (no shield)
rNeg     + + +     Spirit   +   C - +0 steam dragon scales
rPois    ∞         Reflect  .   E - +2 hat {SInv}
rElec    .         Harm     .   n - +2 cloak "Dish" {+Blink SInv}
rCorr    .         Rampage  .   (no gloves)
MR       .....                  w - +0 pair of boots
Stlth    ++++......             i - amulet of guardian spirit
HPRegen  0.00/turn              r - +6 ring of intelligence
MPRegen  0.14/turn              m - +4 ring of protection

@: heroism, studying 2 skills
A: rotting body, claws 1, cold resistance 1, negative energy resistance 3,
inhibited regeneration, torment resistance, unbreathing
a: Heroism, Finesse, Renounce Religion, Evoke Blink


You were on level 12 of the Dungeon.
You worshipped Okawaru.
Okawaru was exalted by your worship.
You visited 2 branches of the dungeon, and saw 13 of its levels.
You also visited: Bailey.

You collected 1006 gold pieces.

Inventory:

Missiles
 x - 4 throwing nets (quivered)
Armour
 h - a +0 troll leather armour {Purgy}
 n - the +2 cloak "Dish" (worn) {+Blink SInv}
   (You found it on level 5 of the Dungeon)

   It lets you see invisible.
   It lets you blink.
 p - the +4 hat of Infinity {rF- MR+++ Int-5 SInv}
   (Okawaru gifted it to you on level 10 of the Dungeon)

   It affects your intelligence (-5).
   It makes you vulnerable to fire.
   It affects your resistance to hostile enchantments.
   It lets you see invisible.
 w - a +0 pair of boots (worn)
 C - +0 steam dragon scales (worn)
 E - a +2 hat of see invisible (worn)
Jewellery
 i - an amulet of guardian spirit (around neck)
 m - a +4 ring of protection (right claw)
 r - a +6 ring of intelligence (left claw)
 u - an uncursed amulet of the acrobat
 A - an uncursed ring of flight
Wands
 t - a wand of paralysis (20)
 y - a wand of enslavement (5)
 D - a wand of polymorph (12)
Scrolls
 a - 6 scrolls of amnesia
 c - 2 scrolls of enchant armour
 f - 5 scrolls of enchant weapon
 k - 2 scrolls of fear
 l - a scroll of fog
 o - 7 scrolls of teleportation
 z - a scroll of magic mapping
 B - a scroll of blinking
Potions
 b - a potion of curing
 d - a potion of might
 e - 3 potions of heal wounds
 q - a potion of magic
 s - a potion of haste
 v - a potion of resistance
Books
 g - a manual of Shields
 j - a manual of Fighting


   Skills:
 * Level 13.1(18.1) Fighting
 * Level 10.0(15.0) Armour
 + Level 7.5(12.5) Dodging
 - Level 2.1(7.1) Stealth
 + Level 4.6(9.6) Shields
 * Level 12.3(17.3) Unarmed Combat
 - Level 3.0 Invocations
 - Level 5.0 Evocations


You had 10 spell levels left.
You knew the following spells:

 Your Spells              Type           Power        Failure   Level
a - Blink                 Tloc           N/A          47%         2

Your spell library contained the following spells:

 Spells                   Type           Power        Failure   Level
 Apportation              Tloc           #.....       34%         1
 Foxfire                  Conj/Fire      #...         34%         1
 Freeze                   Ice            #...         34%         1
 Magic Dart               Conj           #...         34%         1
 Call Imp                 Summ           #.......     47%         2
 Searing Ray              Conj           #.....       47%         2
 Slow                     Hex            #.......     47%         2
 Conjure Flame            Conj/Fire      #.......     71%         3
 Dazzling Flash           Conj/Hex       #.....       71%         3
 Frozen Ramparts          Ice            #.....       71%         3
 Inner Flame              Hex/Fire       #.......     71%         3
 Lesser Beckoning         Tloc           #.........   71%         3
 Mephitic Cloud           Conj/Pois/Air  #.......     71%         3
 Ozocubu's Armour         Ice            #.......     71%         3
 Tukima's Dance           Hex            #.......     71%         3
 Cause Fear               Hex            #.........   98%         4
 Fulminant Prism          Conj/Hex       #.........   98%         4
 Hailstorm                Conj/Ice       #.......     98%         4
 Iskenderun's Mystic Bla  Conj/Tloc      #.......     98%         4
 Sticky Flame             Conj/Fire      #.......     98%         4
 Summon Ice Beast         Ice/Summ       #.......     98%         4
 Alistair's Intoxication  Tmut/Pois      #........    100%        5
 Fireball                 Conj/Fire      #.........   100%        5
 Silence                  Hex/Air        #.........   100%        5
 Yara's Violent Unravell  Hex/Tmut       #.........   100%        5
 Invisibility             Hex            #.......     100%        6
 Discord                  Hex            #.........   100%        8


Dungeon Overview and Level Annotations

Branches:
Dungeon (12/15)            Temple (1/1) D:4            Lair (0/6) D:8
 Bailey (visited)
    Orc: D:9-12

Altars:
Ashenzari
Cheibriados
Dithmenos
Elyvilon
Fedhas
Gozag
Hepliaklqana
Kikubaaqudgha
Makhleb
Nemelex Xobeh
Okawaru
Qazlal
Ru
Sif Muna
Trog
Uskayaw
Vehumet
Wu Jian
Xom
Yredelemnul
Zin
The Shining One

Shops:
D:6 [


Innate Abilities, Weirdness & Mutations

Your body is rotting away.
You thrive by killing the living.
You are immune to poison.
You have sharp fingernails.
Your flesh is cold resistant. (rC+)
You are immune to negative energy. (rN+++)
You do not regenerate when monsters are visible.
You are immune to unholy pain and torment.
You can survive without breathing.


Message History

The seven-headed hydra bites you but does no damage. x2
The seven-headed hydra bites you!
* * * LOW HITPOINT WARNING * * *
The seven-headed hydra barely misses you.
The seven-headed hydra bites you!
* * * LOW HITPOINT WARNING * * *
The seven-headed hydra bites you but does no damage.
The orc barely misses you.
You mangle the boulder beetle!!
The boulder beetle is severely wounded.
You feel yourself speed up. The orc hits you with a +0 hand axe.
* * * LOW HITPOINT WARNING * * *
The orc warrior hits you but does no damage.
The orc warrior misses you. The orc misses you. The boulder beetle misses you.
The seven-headed hydra completely misses you.
The seven-headed hydra barely misses you.
The seven-headed hydra bites you but does no damage.
The seven-headed hydra bites you.
You die...

#.....<.#
####.#.#####
#######.#
...o.......†.
#.#####.8≈≈≈≈≈≈≈≈≈≈≈
#.......≈8≈≈≈≈≈≈≈≈≈≈
#.#.##..≈≈.'########
# #.#.# ..≈≈o#
#.#.####(#o##o.≈≈#
...(.....oDOoo....
.##.)°o@##..≈≈#
##..Booo..≈≈.
##.#.....≈≈. #####
#.#####.≈8≈ ≈≈≈≈≈
#|# 8≈≈ ≈≈≈≈≈ #'# ..
..... #...# # ####
#.....# #......>#


You could see a boulder beetle, a seven-headed hydra, a two-headed ogre, 2 orc
warriors and 8 orcs.

Vanquished Creatures
  Jorgrun (D:12)
  Gastronok (D:10)
  Harold (D:7)
  Erolcha (D:11)
  A hydra (D:11)
  2 centaur warriors (D:8)
  2 two-headed ogres (D:11)
  Nergalle (D:12)
  An unseen horror (D:12)
  An ugly thing (D:8)
  3 centaur zombies (D:7)
  An ice statue (D:9)
  A gargoyle (D:10)
  A komodo dragon (D:8)
  A redback zombie (D:7)
  2 hellwings (D:6)
  4 trolls
  4 slime creatures (D:12)
  A shadow (D:8)
  10 yaks
  A wraith (D:11)
  Eustachio (D:5)
  A steam dragon (D:12)
  Menkaure (D:5)
  An acid dragon (D:10)
  Purgy (D:3)
  A hornet zombie (D:7)
  12 orc warriors
  A black bear (D:11)
  2 ice beasts
  3 necrophages
  5 ogres
  2 phantoms (D:5)
  4 sky beasts
  11 centaurs
  4 big kobolds
  4 bullfrogs
  A wyvern zombie (D:11)
  2 gnoll sergeants
  A scorpion (D:4)
  A wyvern skeleton (D:7)
  3 killer bees (D:12)
  11 wights
  An electric eel (D:12)
  4 howler monkeys
  A bullfrog zombie (D:3)
  A bullfrog skeleton (D:8)
  7 orc priests
  4 hounds
  16 orc wizards
  2 jellies
  Jessica (D:3)
  3 iguanas
  Natasha (thrice) (D:3)
  9 worker ants
  A hound zombie (D:8)
  A hound skeleton (D:5)
  A mummy (D:8)
  4 worker ant zombies
  A howler monkey skeleton (D:4)
  10 gnolls
  9 adders
  6 shadow imps
  3 white imps
  An ufetubus (D:5)
  An ooze (D:5)
  An adder zombie (D:8)
  2 adder skeletons (D:9)
  A dart slug (D:1)
  3 worms (D:2)
  5 leopard geckos
  51 orcs
  A ball python (D:3)
  9 bats
  A giant cockroach (D:3)
  8 goblins
  11 hobgoblins
  11 jackals
  4 quokkas
  10 frilled lizards
  A giant cockroach zombie (D:5)
  40 kobolds
  A leopard gecko simulacrum (D:8)
  A leopard gecko zombie (D:5)
  6 rats
371 creatures vanquished.

Vanquished Creatures (others)
  2 goblins (D:10)
  74 plants
  A withered plant (D:7)
77 creatures vanquished.

Grand Total: 448 creatures vanquished

Notes
Turn   | Place    | Note
-------+----------+-------------------------------------------
     0 | D:1      | Borgoz the Ghoul Monk began the quest for the Orb.
     0 | D:1      | Reached XP level 1. HP: 19/19 MP: 0/0
   119 | D:1      | Reached XP level 2. HP: 26/26 MP: 1/1
   573 | D:1      | Reached XP level 3. HP: 28/33 MP: 2/2
   908 | D:2      | Reached skill level 1 in Armour
  1408 | D:2      | Reached XP level 4. HP: 34/40 MP: 3/3
  1475 | D:2      | You fall into a shaft and drop 2 floors!
  1508 | D:3      | Reached skill level 4 in Fighting
  1847 | D:3      | Reached XP level 5. HP: 5/46 MP: 4/4
  2597 | D:3      | Noticed Purgy
  2632 | D:3      | Killed Purgy
  2632 | D:3      | Reached XP level 6. HP: 39/53 MP: 5/5
  2638 | D:3      | Reached skill level 5 in Unarmed Combat
  2762 | D:3      | Noticed Natasha
  2774 | D:3      | Reached skill level 5 in Fighting
  2795 | D:3      | Killed Natasha
  2829 | D:3      | Noticed Jessica
  2837 | D:3      | Killed Jessica
  2983 | D:3      | Reached XP level 7. HP: 61/61 MP: 6/6
  3030 | D:3      | Noticed Natasha
  3047 | D:3      | Killed Natasha
  3155 | D:3      | Noticed Natasha
  3164 | D:3      | Killed Natasha
  3201 | D:3      | Found an ornate altar of the Wu Jian Council.
  3353 | D:4      | Found a staircase to the Ecumenical Temple.
  3417 | Temple   | Entered the Ecumenical Temple
  3540 | Temple   | Became a worshipper of Warmaster Okawaru
  3540 | Temple   | Reached * piety under Okawaru
  3540 | Temple   | Reached ** piety under Okawaru
  4778 | D:5      | Entered Level 5 of the Dungeon
  4783 | D:5      | Got a polished cloak
  4807 | D:5      | Identified the +2 cloak "Dish" {+Blink SInv} (You found it
                  | on level 5 of the Dungeon)
  4961 | D:5      | Reached skill level 6 in Fighting
  5006 | D:5      | Reached XP level 8. HP: 69/70 MP: 7/7
  5192 | D:5      | Noticed Eustachio
  5206 | D:5      | Killed Eustachio
  5206 | D:5      | Reached skill level 1 in Invocations
  5245 | D:5      | Found a burning altar of Makhleb.
  5252 | D:5      | Found a blossoming altar of Fedhas.
  5282 | D:5      | Reached skill level 1 in Evocations
  5361 | D:5      | Noticed Menkaure
  5368 | D:5      | Reached *** piety under Okawaru
  5378 | D:5      | Killed Menkaure
  5757 | D:6      | Found Gezoxaej's Armour Shop.
  5817 | D:6      | Found a bloodstained altar of Trog.
  5905 | D:6      | Noticed an air elemental
  5908 | D:6      | Found a stormy altar of Qazlal.
  5910 | D:6      | Noticed a water elemental
  6013 | D:6      | Found a white marble altar of Elyvilon.
  6058 | D:6      | Reached skill level 7 in Fighting
  6058 | D:6      | Reached XP level 9. HP: 55/79 MP: 9/9
  6212 | D:6      | Reached skill level 5 in Armour
  6399 | D:7      | Noticed Harold
  6402 | D:7      | Noticed a hellwing
  6423 | D:6      | Killed a hellwing
  6423 | D:6      | Reached **** piety under Okawaru
  6455 | D:7      | Killed Harold
  6455 | D:7      | Reached ***** piety under Okawaru
  6455 | D:7      | Reached skill level 8 in Fighting
  6455 | D:7      | Reached skill level 5 in Dodging
  6466 | D:7      | Reached XP level 10. HP: 11/88 MP: 11/11
  7521 | D:8      | Found a shadowy altar of Dithmenos.
  7553 | D:8      | Found a staircase to the Lair.
  7798 | D:8      | Reached skill level 9 in Fighting
  8176 | D:8      | Noticed a white ugly thing
  8190 | D:8      | Killed a white ugly thing
  8283 | D:8      | Noticed a centaur warrior
  8284 | D:8      | Noticed a deep troll
  8284 | D:8      | Noticed a centaur warrior
  8289 | D:8      | a deep troll changed into a floating eye
  8293 | D:8      | Paralysed by a floating eye for 3 turns
  8301 | D:8      | Noticed a guardian serpent
  8301 | D:8      | a komodo dragon changed into a guardian serpent
  8303 | D:8      | HP: 3/91 [guardian serpent (glowing shapeshifter) (19)]
  8314 | D:8      | Noticed a harpy
  8567 | D:8      | Killed a centaur warrior
  8567 | D:8      | Received a gift from Okawaru
  8567 | D:8      | Reached XP level 11. HP: 37/97 MP: 9/12
  8769 | D:8      | Killed a centaur warrior
  8769 | D:8      | Reached skill level 10 in Unarmed Combat
  9671 | D:9      | Found a sparkling altar of Nemelex Xobeh.
  9937 | D:9      | Found an opulent altar of Gozag.
  9983 | D:9      | Found a hazy altar of Hepliaklqana.
 10193 | D:9      | Reached skill level 10 in Fighting
 10467 | D:10     | Entered Level 10 of the Dungeon
 10467 | D:10     | Noticed Gastronok
 10483 | D:10     | Killed Gastronok
 10573 | D:10     | Received a gift from Okawaru
 10689 | D:10     | Got a fine hat {god gift}
 10728 | D:10     | Identified the +4 hat of Infinity {rF- MR+++ Int-5 SInv}
                  | (Okawaru gifted it to you on level 10 of the Dungeon)
 10760 | D:10     | Reached skill level 5 in Evocations
 10761 | D:10     | Found a flagged portal.
 10775 | Bailey   | Entered a bailey
 11929 | D:10     | Reached XP level 12. HP: 93/108 MP: 9/13
 12036 | D:10     | Reached skill level 11 in Fighting
 12096 | D:10     | Reached skill level 1 in Shields
 12630 | D:11     | Noticed Erolcha
 12655 | D:11     | Killed Erolcha
 12769 | D:10     | Found a snail-covered altar of Cheibriados.
 12884 | D:11     | Noticed a seven-headed hydra
 12897 | D:11     | Killed a seven-headed hydra
 13071 | D:11     | Noticed a two-headed ogre
 13076 | D:11     | Killed a two-headed ogre
 13216 | D:11     | Noticed a two-headed ogre
 13229 | D:11     | Killed a two-headed ogre
 13229 | D:11     | Reached skill level 12 in Fighting
 13712 | D:12     | Noticed Nergalle
 13731 | D:12     | Killed Nergalle
 13731 | D:12     | Received a gift from Okawaru
 13763 | D:12     | Reached ****** piety under Okawaru
 13985 | D:12     | Learned a level 2 spell: Blink
 13992 | D:12     | Noticed Jorgrun
 14016 | D:12     | Killed Jorgrun
 14016 | D:12     | Reached skill level 13 in Fighting
 14036 | D:12     | Reached XP level 13. HP: 111/122 MP: 9/14
 14057 | D:12     | Reached skill level 10 in Armour
 14068 | D:12     | HP: 3/122 [seven-headed hydra (9)]
 14069 | D:12     | HP: 1/122 [orc/+0 hand axe (2)]
 14069 | D:12     | Slain by a seven-headed hydra

Illustrated notes

Levels and vault maps discovered:
D:1:      grunt_arrival_lava_bath, layout_loops_ring
D:2:      layout_loops_ring
D:3:      layout_loops_corners, nicolae_overflow_hidden_temple, serial_aquarium,
          aquarium_bridge_long_separate [aquarium_subvault_wall,
          aquarium_subvault_bridge, aquarium_subvault_balcony,
          aquarium_subvault_bridge, aquarium_subvault_bridge,
          aquarium_subvault_bridge], aquarium_window_corner, aquarium_window_3,
          aquarium_view_2b, aquarium_pool_2, chequers_serial_rivers_marsh,
          serial_bayou_lagoon_a, uniq_jessica, uniq_natasha, uniq_purgy
D:4:      layout_basic, minmay_temple_entry_tees, chequers_serial_rivers_room_b
D:5:      layout_loops_ring, overflow_temple_1_default,
          overflow_temple_1_default, uniq_menkaure, uniq_eustachio
D:6:      layout_gridville, bloody_trog, nicolae_qazlal_style_of_elements,
          elyvilon_altar_3, serial_shops, shop
D:7:      cheibrodos_grave_circle, layout_cave_pools, uniq_harold
D:8:      kennysheep_kobold_camp, layout_basic, nicolae_dithmenos_shadow_blocks,
          david_lair_shrubbed, serial_undead, serial_undead_e, serial_undead_a,
          serial_undead_b, serial_undead_e, serial_undead_e,
          serial_park_tiny_pond, minmay_evil_grid
D:9:      layout_irregular_city, lemuel_doored_altar,
          gammafunk_temple_overflow_statue, minivault_16
D:10:     lemuel_upstairs_altar, layout_small_grid, enter_bailey_3,
          uniq_gastronok
D:11:     layout_loops_ring, uniq_erolcha
D:12:     layout_loops_corners, erik_orc_2, uniq_nergalle, uniq_urug,
          uniq_jorgrun
Temple:   minmay_temple_forest_path

Skill      XL: |  1  2  3  4  5  6  7  8  9 10 11 12 13 |
---------------+----------------------------------------+-----
Armour         | 1 2 3 4 6 7 8 9 10 | 10.0
Unarmed Combat | 4 5 6 7 8 9 11 12 | 12.3
Dodging        | 3 4 5 6 7 |  7.5
Fighting       | 4 5 6 7 8 9 10 13 | 13.1
Invocations    | 2 3 |  3.0
Evocations     | 1 3 4 5 |  5.0
Shields        | 4 |  4.6
Stealth        | |  2.1

Action                   |  1- 3 |  4- 6 |  7- 9 | 10-12 | 13-15 || total
-------------------------+-------+-------+-------+-------+-------++-------
Melee: Unarmed           |   117 |   191 |   300 |   778 |    31 ||  1417
       Punch             |     3 |     3 |    11 |    52 |     2 ||    71
Throw: Throwing net      |       |       |       |     3 |       ||     3
Invok: Heroism           |       |       |     1 |    26 |     1 ||    28
Evoke: Wand              |       |       |       |    55 |       ||    55
  Use: Scroll            |     5 |     3 |     8 |    17 |       ||    33
       Potion            |       |     4 |     3 |     6 |       ||    13
 Stab: Sleeping          |     1 |       |     7 |     7 |       ||    15
       Distracted        |       |       |       |     2 |       ||     2
       Held in net/web   |       |       |       |     2 |       ||     2
Armor: Robe              |     1 |       |       |       |       ||     1
       Ring mail         |    18 |    63 |       |       |       ||    81
       Troll leather arm |       |     4 |    63 |   227 |       ||   294
       Scale mail        |       |       |       |    56 |       ||    56
       Steam dragon scal |       |       |       |    11 |    43 ||    54
Dodge: Dodged            |    60 |   128 |   175 |   778 |   126 ||  1267

Table legend: (Time is in decaauts)
 A = Elapsed time spent in this place.
 B = Non-inter-level travel time spent in this place.
 C = Inter-level travel time spent in this place.
 D = Time resting spent in this place.
 E = Time spent auto-exploring this place.
 F = Levels seen in this place.
 G = Mean time per level.
                   A        B        C        D        E       F      G
               +--------+--------+--------+--------+--------+-----+--------+
         Total |  13899 |  12877 |   1022 |   2725 |   7104 |  14 |  992.8 |
       Dungeon |  12396 |  11439 |    957 |   2339 |   6523 |  12 | 1033.0 |
        Temple |    352 |    287 |     65 |      0 |    286 |   1 |  352.0 |
        Bailey |   1150 |   1150 |      0 |    386 |    295 |   1 | 1150.0 |
               +--------+--------+--------+--------+--------+-----+--------+

Top non-repeatable levels by time:
     D:9: 1666 daAuts
     D:3: 1394 daAuts
     D:2: 1243 daAuts
     D:4: 1220 daAuts
     D:8: 1186 daAuts
  Bailey: 1150 daAuts
    D:11: 1008 daAuts
     D:6: 928 daAuts
    D:10: 924 daAuts
     D:5: 903 daAuts
     D:1: 856 daAuts
     D:7: 691 daAuts
    D:12: 372 daAuts
  Temple: 352 daAuts
